AoeStats
← catchchez

Arabia

510247020Analyzed
1v1 RM · 3d ago on Sep 30, 2026· 45m 21s· 2 players
Game mode
Random Map
Map size
Tiny (2 player)
Population
200
Speed
Normal
Resources
Standard
Victory
Conquest
Starting age
Dark Age
Ending age
Imperial Age
RankedLock teamsTeams togetherTeam positionsShared explorationLock speedFull tech treeHidden civsTurbo modeCheats
Victory
Defeat
🇦🇷 Maya · Argentina
772
+17
🇮🇳 Celts · India
723
-14
catchchez
3:22 Loom
10:31 Feudal Age
13:29 Double-Bit Axe
15:12 Fletching
28:06 Castle Age
27:36 Wheelbarrow
28:11 Elite Skirmisher
38:44 Bodkin Arrow
48:18 Imperial Age
MarcaTenebrosa
9:41 Feudal Age
15:01 Fletching
15:15 Loom
21:23 Castle Age
21:27 Elite Skirmisher
26:05 Horse Collar
30:56 Bodkin Arrow
33:20 Eagle Warrior
34:05 Scale Mail Armor
34:45 Squires
35:50 Wheelbarrow
36:21 Forging
43:52 Imperial Age
42:33 Pikeman
45:27 Bracer
Connection lost

Rejoining the realm…

Still unreachable

The connection could not be restored.

Session expired

The server has moved on; the page needs a fresh start.